 Dungeon Crawl Stone Soup version 0.29.0-4-gdea44cf6ec (webtiles) character file.

Game seed: 1580319234619284353

3262 qw the Grappler (level 9, -1/88 HPs)
             Began as a Troll Cinder Acolyte on Sept 3, 2022.
             Was an Elder of Ignis.
             Slain by a two-headed ogre
             ... wielding a +0 giant club
              (27 damage)
             ... on level 10 of the Dungeon.
             The game lasted 00:03:26 (8210 turns).

qw the Grappler (Troll Cinder Acolyte)              Turns: 8210, Time: 00:03:27

Health: -1/88      AC: 18    Str: 27    XL:     9   Next: 68%
Magic:  9/9        EV:  9    Int: 14    God:    Ignis [****..]
Gold:   523        SH:  5    Dex:  4    Spells: 10/10 levels left

rFire   + + .      SeeInvis +     - Unarmed
rCold   . . .      Faith    .   (no shield)
rNeg    + + .      Spirit   .   g - +4 robe "Ceipt" {rN+}
rPois   .          Reflect  +   (helmet restricted)
rElec   .          Harm     .   n - +0 cloak
rCorr   .          Rampage  .   (gloves unavailable)
Will    .....                   (boots unavailable)
Stlth   +.........              l - amulet of reflection
HPRegen 1.04/turn               c - ring of see invisible
MPRegen 0.11/turn               d - ring of positive energy

@: fiery-armoured
A: large, unfitting armour, claws 3, regeneration 1, shaggy fur 1, tough skin 1,
iridescent scales 1, clever 1, fire resistance 1, mutation resistance 1
a: Renounce Religion, Fiery Armour, Foxfire Swarm, Rising Flame


You were on level 10 of the Dungeon.
You worshipped Ignis.
Ignis was greatly pleased with you.
You visited 1 branch of the dungeon, and saw 10 of its levels.

You collected 523 gold pieces.


Innate Abilities, Weirdness & Mutations

You are too large for most types of armour.
You have claws for hands.
Your natural rate of healing is unusually fast.
You are covered in fur. (AC +1)
You have tough skin. (AC +1)
You are partially covered in iridescent scales. (AC +2)
Your mind is acute. (Int +4, Str/Dex -1)
Your flesh is heat resistant. (rF+)
You are somewhat resistant to further mutation.


   Skills:
 - Level 5.0 Fighting
 - Level 2.0 Throwing
 - Level 1.1 Dodging
 + Level 12.5 Unarmed Combat
 - Level 1.0 Spellcasting
 - Level 2.1 Fire Magic


You had 10 spell levels left.
You didn't know any spells.
Your spell library contained the following spells:

 Spells                   Type           Power      Damage    Failure   Level
 Scorch                   Fire           12%        2d6       16%         2

Inventory:

Missiles
 f - 2 silver boomerangs (quivered)
Armour
 g - the +4 robe "Ceipt" (worn) {rN+}
   (You found it on level 8 of the Dungeon)

   rN:        It protects you from negative energy.
 n - a +0 cloak (worn)
Jewellery
 c - a ring of see invisible (left claw)
 d - a ring of positive energy (right claw)
 l - an amulet of reflection (around neck)
Scrolls
 b - 2 scrolls of identify
 i - 3 scrolls of teleportation
Potions
 a - 2 potions of heal wounds
 e - 3 potions of curing
 h - 3 potions of haste
 j - 2 potions of cancellation
 k - 2 potions of resistance

Dungeon Overview and Level Annotations

Branches:
Dungeon (10/15)            Temple (0/1) D:6
   Lair: D:8-11         Orc: D:9-12

Altars:
Ashenzari
Cheibriados
Dithmenos
Elyvilon
Gozag
Hepliaklqana
Kikubaaqudgha
Okawaru
Qazlal
Sif Muna
Trog
Yredelemnul

Annotations:
D:4 1 runed translucent door, Crazy Yiuf
D:5 1 runed translucent door, qw's ghost, novice TrCA


Message History

There is a stone staircase leading down here.
You climb downwards.
There is a stone staircase leading up here.
Existing waypoints: (1) D:8 (2) D:9 Assign waypoint to what number? (0-9, D - delete waypoint) Waypoint 1 re-assigned from D:8 to D:10.
A two-headed ogre comes into view.
It is wielding a +0 giant club and a +0 giant spiked club.
The two-headed ogre shouts in stereo!
Enter note: Throw: 2 boomerangs (silver)
Press: ? - help, Q - select action Shift-Dir - straight line, f - two-headed ogre You throw a silver boomerang.
The silver boomerang hits the two-headed ogre but does no damage.
The two-headed ogre is lightly wounded.
Throw: 2 boomerangs (silver)
Press: ? - help, Q - select action Shift-Dir - straight line, f/p - two-headed ogre You throw a silver boomerang.
The silver boomerang barely misses the two-headed ogre.
Throw: 2 boomerangs (silver)
Press: ? - help, Q - select action Shift-Dir - straight line, f/p - two-headed ogre You throw a silver boomerang.
The silver boomerang hits the two-headed ogre.
The two-headed ogre is lightly wounded.
Throw: 2 boomerangs (silver)
Press: ? - help, Q - select action Shift-Dir - straight line, f/p - two-headed ogre You throw a silver boomerang.
The silver boomerang hits the two-headed ogre.
The two-headed ogre is lightly wounded.
You barely miss the two-headed ogre.
The two-headed ogre is lightly wounded.
The two-headed ogre hits you with a +0 giant club!!
The two-headed ogre hits you with a +0 giant spiked club!!
8210 ||| INVOKING Fiery Armour.
A protective cloak of flame settles atop you.
The two-headed ogre hits you with a +0 giant club!!
The two-headed ogre is burned by your cloak of flames.
The two-headed ogre is moderately wounded.
The two-headed ogre hits you with a +0 giant spiked club!!
You die...

###.#
##8#.########
##...........#
###.....######.#
#8......#
##.....###
##.....8#
###8#.....###
...$...@.##
.......O}#
.........#
###8#..... #
##..... ##.....
#8..... ###.....


You could see a two-headed ogre.

Vanquished Creatures
  2 trolls
  Menkaure (D:4)
  3 black bears
  2 ice beasts
  A sky beast (D:6)
  2 ogres (D:5)
  5 centaurs
  A kobold brigand (D:8)
  3 phantoms
  3 necrophages
  A gnoll sergeant (D:5)
  A scorpion (D:6)
  3 wights (D:9)
  3 howler monkeys
  3 orc priests
  3 hounds
  A gnoll bouda (D:7)
  A jelly (D:6)
  Jessica (D:2)
  3 orc wizards
  4 iguanas
  9 gnolls
  3 adders
  2 shadow imps
  A white imp (D:8)
  An ufetubus (D:4)
  3 worms
  25 orcs
  10 ball pythons
  4 endoplasms
  2 giant cockroaches (D:1)
  12 goblins
  7 hobgoblins
  3 jackals (D:1)
  9 kobolds
  A quokka (D:1)
  7 bats
  5 frilled lizards
  3 rats
154 creatures vanquished.

Vanquished Creatures (others)
  A withered plant (D:3)
1 creature vanquished.

Grand Total: 155 creatures vanquished

Notes
Turn   | Place    | Note
-------+----------+-------------------------------------------
     0 | D:1      | qw the Troll Cinder Acolyte began the quest for the Orb.
     0 | D:1      | Reached XP level 1. HP: 22/22 MP: 1/1
     0 | D:1      | 0 ||| qw: Version: 0.1-a-102-g441f92d
     0 | D:1      | 0 ||| qw: Game counter: 5074
     0 | D:1      | 0 ||| qw: Always use a shield: true
     0 | D:1      | 0 ||| qw: God list: Okawaru
     0 | D:1      | 0 ||| qw: Allow faded altars: false
     0 | D:1      | 0 ||| qw: Do Orc after D:15 true
     0 | D:1      | 0 ||| qw: Do second Lair branch before Depths: true
     0 | D:1      | 0 ||| qw: Lair rune preference: random
     0 | D:1      | 0 ||| qw: Plans: Normal
     0 | D:1      | 0 ||| PLANNING D:1-11
    26 | D:1      | 26 ||| Stepping ~*~*~tactically~*~*~ (stealth).
    28 | D:1      | 28 ||| Stepping ~*~*~tactically~*~*~ (stealth).
    29 | D:1      | 29 ||| Stepping ~*~*~tactically~*~*~ (stealth).
    59 | D:1      | Found a faded altar of an unknown god.
   136 | D:1      | 136 ||| Stepping ~*~*~tactically~*~*~ (stealth).
   142 | D:1      | Reached XP level 2. HP: 29/29 MP: 2/2
   175 | D:1      | 175 ||| Stepping ~*~*~tactically~*~*~ (stealth).
   178 | D:1      | 178 ||| Stepping ~*~*~tactically~*~*~ (stealth).
   179 | D:1      | 179 ||| Stepping ~*~*~tactically~*~*~ (stealth).
   181 | D:1      | 181 ||| Stepping ~*~*~tactically~*~*~ (stealth).
   212 | D:1      | 212 ||| Stepping ~*~*~tactically~*~*~ (stealth).
   396 | D:1      | 396 ||| Stepping ~*~*~tactically~*~*~ (outnumbered).
   397 | D:1      | 397 ||| Stepping ~*~*~tactically~*~*~ (outnumbered).
   398 | D:1      | 398 ||| Stepping ~*~*~tactically~*~*~ (outnumbered).
   399 | D:1      | 399 ||| Stepping ~*~*~tactically~*~*~ (outnumbered).
   400 | D:1      | 400 ||| Stepping ~*~*~tactically~*~*~ (outnumbered).
   401 | D:1      | 401 ||| Stepping ~*~*~tactically~*~*~ (outnumbered).
   402 | D:1      | 402 ||| Stepping ~*~*~tactically~*~*~ (outnumbered).
   403 | D:1      | 403 ||| Stepping ~*~*~tactically~*~*~ (outnumbered).
   404 | D:1      | 404 ||| Stepping ~*~*~tactically~*~*~ (outnumbered).
   405 | D:1      | 405 ||| Stepping ~*~*~tactically~*~*~ (outnumbered).
   407 | D:1      | Reached skill level 4 in Unarmed Combat
   430 | D:1      | 430 ||| Stepping ~*~*~tactically~*~*~ (stealth).
   433 | D:1      | 433 ||| Stepping ~*~*~tactically~*~*~ (stealth).
   434 | D:1      | 434 ||| Stepping ~*~*~tactically~*~*~ (outnumbered).
   441 | D:1      | Reached XP level 3. HP: 35/36 MP: 3/3
   809 | D:1      | 809 ||| READING scroll labelled MIUMY MOAPIO.
   810 | D:1      | 810 ||| READING scroll labelled YHUULECZON.
   813 | D:1      | 813 ||| READING scroll labelled REZUGU TESHU.
   814 | D:1      | 814 ||| READING scroll labelled ZEUL BOACRAF.
  1418 | D:2      | Noticed Jessica
  1423 | D:2      | 1423 ||| Stepping ~*~*~tactically~*~*~ (outnumbered).
  1425 | D:2      | 1425 ||| Stepping ~*~*~tactically~*~*~ (outnumbered).
  1426 | D:2      | 1426 ||| Stepping ~*~*~tactically~*~*~ (outnumbered).
  1427 | D:2      | Killed Jessica
  1428 | D:2      | Reached skill level 5 in Unarmed Combat
  1428 | D:2      | Reached XP level 4. HP: 37/44 MP: 4/4
  1428 | D:2      | 1428 ||| Stepping ~*~*~tactically~*~*~ (outnumbered).
  1442 | D:2      | 1442 ||| FLEEEEING.
  1450 | D:2      | 1450 ||| FLEEEEING.
  1451 | D:2      | 1451 ||| FLEEEEING.
  1623 | D:2      | 1623 ||| DROPPING orb of energy.
  1624 | D:2      | 1624 ||| UPGRADING to +2 robe of willpower.
  1634 | D:2      | 1634 ||| DROPPING +0 robe.
  1743 | D:3      | Found a basalt altar of Yredelemnul.
  1778 | D:3      | 1778 ||| Stepping ~*~*~tactically~*~*~ (outnumbered).
  1781 | D:3      | 1781 ||| Stepping ~*~*~tactically~*~*~ (outnumbered).
  1782 | D:3      | 1782 ||| Stepping ~*~*~tactically~*~*~ (outnumbered).
  1783 | D:3      | 1783 ||| Stepping ~*~*~tactically~*~*~ (outnumbered).
  1875 | D:3      | Found an ancient bone altar of Kikubaaqudgha.
  1951 | D:3      | 1951 ||| Stepping ~*~*~tactically~*~*~ (stealth).
  2092 | D:3      | 2092 ||| Stepping ~*~*~tactically~*~*~ (stealth).
  2345 | D:3      | 2345 ||| DRINKING 2 grey potions.
  2370 | D:4      | 2370 ||| STAIRDANCE
  2421 | D:4      | Reached skill level 6 in Unarmed Combat
  2421 | D:4      | Reached XP level 5. HP: 47/50 MP: 5/5
  2463 | D:4      | Found an iron altar of Okawaru.
  2518 | D:4      | Found a snail-covered altar of Cheibriados.
  2533 | D:4      | Noticed a black bear
  2538 | D:4      | Killed a black bear
  2539 | D:4      | Reached XP level 6. HP: 59/59 MP: 6/6
  2689 | D:4      | Found a runed translucent door.
  2690 | D:4      | Noticed Crazy Yiuf
  2752 | D:4      | Reached skill level 7 in Unarmed Combat
  2839 | D:4      | Noticed Menkaure
  2844 | D:4      | 2844 ||| INVOKING Fiery Armour.
  2846 | D:4      | HP: 13/59 [Menkaure/nerve-wracking pain (7)]
  2847 | D:4      | 2847 ||| READING 2 scrolls of teleportation.
  2848 | D:4      | Killed Menkaure
  2849 | D:4      | Reached skill level 8 in Unarmed Combat
  2849 | D:4      | Reached XP level 7. HP: 16/66 MP: 7/7
  2851 | D:4      | 2851 ||| FLEEEEING.
  2852 | D:4      | 2852 ||| FLEEEEING.
  2857 | D:4      | 2857 ||| FLEEEEING.
  2858 | D:4      | 2858 ||| FLEEEEING.
  2859 | D:4      | 2859 ||| FLEEEEING.
  2862 | D:4      | 2862 ||| FLEEEEING.
  2863 | D:4      | 2863 ||| FLEEEEING.
  2866 | D:4      | 2866 ||| FLEEEEING.
  2869 | D:4      | 2869 ||| STAIRDANCE
  2898 | D:3      | 2898 ||| DRINKING 2 coppery potions.
  2898 | D:3      | Gained mutation: You are frail. (-10% HP) [potion of
                  | mutation]
  2898 | D:3      | Gained mutation: Your flesh is heat resistant. (rF+)
                  | [potion of mutation]
  2898 | D:3      | Gained mutation: You have sharp toenails. [potion of
                  | mutation]
  2898 | D:3      | Gained mutation: You are covered in thick fur. (AC +2)
                  | [potion of mutation]
  2899 | D:3      | 2899 ||| DRINKING potion of mutation.
  2899 | D:3      | Lost mutation: You are frail. (-10% HP) [potion of
                  | mutation]
  2899 | D:3      | Lost mutation: You have sharp toenails. [potion of
                  | mutation]
  2899 | D:3      | Lost mutation: You are covered in thick fur. (AC +2)
                  | [potion of mutation]
  2899 | D:3      | Gained mutation: Your movements are slightly less
                  | encumbered by armour. (ER -2) [potion of mutation]
  2899 | D:3      | Gained mutation: You occasionally lose the ability to read
                  | scrolls when taking damage. [potion of mutation]
  2899 | D:3      | Lost mutation: Your movements are slightly less encumbered
                  | by armour. (ER -2) [potion of mutation]
  2899 | D:3      | Gained mutation: Your muscles are strong. (Str +4, Int/Dex
                  | -1) [potion of mutation]
  2906 | D:3      | 2906 ||| DRINKING 2 murky red potions.
  2907 | D:3      | 2907 ||| READING 2 scrolls of identify.
  2907 | D:3      | 2907 ||| IDENTIFYING sedimented sapphire potion
  3179 | D:4      | Found a faded altar of an unknown god.
  3179 | D:4      | Found a stormy altar of Qazlal.
  3187 | D:4      | Found a shadowy altar of Dithmenos.
  3189 | D:4      | Found a hazy altar of Hepliaklqana.
  3195 | D:4      | Found a shimmering blue altar of Sif Muna.
  3314 | D:4      | 3314 ||| READING scroll of teleportation.
  3430 | D:5      | Entered Level 5 of the Dungeon
  3431 | D:5      | 3431 ||| STAIRDANCE
  3520 | D:5      | Reached skill level 3 in Fighting
  3524 | D:5      | 3524 ||| STAIRDANCE
  3641 | D:5      | Found a bloodstained altar of Trog.
  3665 | D:5      | 3665 ||| DRINKING potion of mutation.
  3665 | D:5      | Lost mutation: You occasionally lose the ability to read
                  | scrolls when taking damage. [potion of mutation]
  3665 | D:5      | Lost mutation: Your muscles are strong. (Str +4, Int/Dex
                  | -1) [potion of mutation]
  3665 | D:5      | Gained mutation: You are partially covered in iridescent
                  | scales. (AC +2) [potion of mutation]
  3665 | D:5      | Gained mutation: You are somewhat resistant to further
                  | mutation. [potion of mutation]
  3665 | D:5      | Gained mutation: Your mind is acute. (Int +4, Str/Dex -1)
                  | [potion of mutation]
  3671 | D:5      | Noticed qw's ghost (novice TrCA)
  3693 | D:5      | 3693 ||| Stepping ~*~*~tactically~*~*~ (stealth).
  3705 | D:5      | 3705 ||| Stepping ~*~*~tactically~*~*~ (outnumbered).
  3706 | D:5      | 3706 ||| Stepping ~*~*~tactically~*~*~ (outnumbered).
  3707 | D:5      | 3707 ||| Stepping ~*~*~tactically~*~*~ (outnumbered).
  3709 | D:5      | 3709 ||| Stepping ~*~*~tactically~*~*~ (outnumbered).
  3710 | D:5      | 3710 ||| Stepping ~*~*~tactically~*~*~ (outnumbered).
  3711 | D:5      | 3711 ||| Stepping ~*~*~tactically~*~*~ (outnumbered).
  3712 | D:5      | 3712 ||| Stepping ~*~*~tactically~*~*~ (outnumbered).
  3756 | D:5      | 3756 ||| Stepping ~*~*~tactically~*~*~ (hiding).
  3762 | D:5      | 3762 ||| Stepping ~*~*~tactically~*~*~ (hiding).
  3767 | D:5      | Reached skill level 9 in Unarmed Combat
  3834 | D:5      | Found a runed translucent door.
  3862 | D:5      | Found a white marble altar of Elyvilon.
  3895 | D:5      | Reached skill level 1 in Throwing
  3895 | D:5      | 3895 ||| Stepping ~*~*~tactically~*~*~ (outnumbered).
  3896 | D:5      | 3896 ||| Stepping ~*~*~tactically~*~*~ (outnumbered).
  3897 | D:5      | 3897 ||| Stepping ~*~*~tactically~*~*~ (outnumbered).
  3898 | D:5      | 3898 ||| Stepping ~*~*~tactically~*~*~ (outnumbered).
  3899 | D:5      | 3899 ||| Stepping ~*~*~tactically~*~*~ (outnumbered).
  3900 | D:5      | 3900 ||| Stepping ~*~*~tactically~*~*~ (outnumbered).
  3901 | D:5      | 3901 ||| STAIRDANCE
  3982 | D:4      | 3982 ||| UPGRADING to ring of see invisible.
  3983 | D:4      | 3983 ||| READING scroll labelled ROUMOI MAEVAG.
  4297 | D:5      | 4297 ||| Stepping ~*~*~tactically~*~*~ (stealth).
  4308 | D:5      | Reached XP level 8. HP: 75/75 MP: 8/8
  4542 | D:5      | 4542 ||| DRINKING 2 cyan potions.
  4543 | D:5      | 4543 ||| READING 3 scrolls of identify.
  4543 | D:5      | 4543 ||| IDENTIFYING brown potion
  4544 | D:5      | 4544 ||| READING 2 scrolls of identify.
  4544 | D:5      | 4544 ||| IDENTIFYING black potion
  4545 | D:5      | 4545 ||| DROPPING potion of flight.
  4595 | D:6      | Reached skill level 10 in Unarmed Combat
  4636 | D:6      | Found an opulent altar of Gozag.
  4918 | D:6      | Found a staircase to the Ecumenical Temple.
  5151 | D:6      | 5151 ||| READING scroll labelled NUBEEM NIPUAL.
  5152 | D:6      | 5152 ||| READING 3 scrolls of identify.
  5152 | D:6      | 5152 ||| IDENTIFYING smoky cyan potion
  5153 | D:6      | 5153 ||| DROPPING potion of invisibility.
  5172 | D:7      | Found a broken altar of Ashenzari.
  5293 | D:7      | 5293 ||| FLEEEEING.
  5294 | D:7      | 5294 ||| FLEEEEING.
  5297 | D:7      | 5297 ||| Stepping ~*~*~tactically~*~*~ (stealth).
  5298 | D:7      | 5298 ||| Stepping ~*~*~tactically~*~*~ (stealth).
  5299 | D:7      | 5299 ||| Stepping ~*~*~tactically~*~*~ (stealth).
  5304 | D:7      | 5304 ||| Stepping ~*~*~tactically~*~*~ (stealth).
  5308 | D:7      | 5308 ||| Stepping ~*~*~tactically~*~*~ (stealth).
  5310 | D:7      | 5310 ||| Stepping ~*~*~tactically~*~*~ (hiding).
  5484 | D:7      | Reached skill level 11 in Unarmed Combat
  5542 | D:7      | 5542 ||| Stepping ~*~*~tactically~*~*~ (stealth).
  5556 | D:7      | Reached skill level 1 in Dodging
  5561 | D:7      | 5561 ||| Stepping ~*~*~tactically~*~*~ (hiding).
  5563 | D:7      | Reached XP level 9. HP: 84/84 MP: 9/9
  6057 | D:7      | 6057 ||| UPGRADING to ring of positive energy.
  6058 | D:7      | 6058 ||| READING scroll labelled GABIDECZOC.
  6059 | D:7      | 6059 ||| READING 3 scrolls of identify.
  6059 | D:7      | 6059 ||| IDENTIFYING inky potion
  6060 | D:7      | 6060 ||| DROPPING potion of brilliance.
  6114 | D:8      | 6114 ||| INVOKING Fiery Armour.
  6115 | D:8      | 6115 ||| Stepping ~*~*~tactically~*~*~ (outnumbered).
  6120 | D:8      | 6120 ||| Stepping ~*~*~tactically~*~*~ (outnumbered).
  6129 | D:8      | 6129 ||| Stepping ~*~*~tactically~*~*~ (outnumbered).
  6240 | D:8      | Identified the +4 robe "Ceipt" {rN+}
  6447 | D:8      | 6447 ||| Stepping ~*~*~tactically~*~*~ (stealth).
  6457 | D:8      | 6457 ||| Stepping ~*~*~tactically~*~*~ (outnumbered).
  6486 | D:8      | 6486 ||| Stepping ~*~*~tactically~*~*~ (hiding).
  6488 | D:8      | 6488 ||| Stepping ~*~*~tactically~*~*~ (hiding).
  6875 | D:8      | Noticed a troll
  6883 | D:8      | 6883 ||| INVOKING Fiery Armour.
  6884 | D:8      | Killed a troll
  6885 | D:8      | Reached skill level 12 in Unarmed Combat
  6933 | D:8      | 6933 ||| UPGRADING to +4 robe "Ceipt" {rN+}.
  6943 | D:8      | 6943 ||| DROPPING +2 robe of willpower.
  6944 | D:8      | 6944 ||| UPGRADING to amulet of reflection.
  6949 | D:8      | 6949 ||| DROPPING ring of flight.
  7037 | D:9      | 7037 ||| Stepping ~*~*~tactically~*~*~ (hiding).
  7042 | D:9      | Noticed a troll
  7055 | D:9      | Killed a troll
  7221 | D:9      | 7221 ||| Stepping ~*~*~tactically~*~*~ (hiding).
  7465 | D:9      | 7465 ||| Stepping ~*~*~tactically~*~*~ (hiding).
  7645 | D:9      | 7645 ||| Stepping ~*~*~tactically~*~*~ (hiding).
  7710 | D:9      | 7710 ||| Stepping ~*~*~tactically~*~*~ (hiding).
  7712 | D:9      | 7712 ||| Stepping ~*~*~tactically~*~*~ (hiding).
  7713 | D:9      | 7713 ||| Stepping ~*~*~tactically~*~*~ (hiding).
  8134 | D:9      | 8134 ||| UPGRADING to +0 cloak.
  8139 | D:9      | 8139 ||| READING scroll labelled SORIAS IMMAGEN.
  8187 | D:10     | Entered Level 10 of the Dungeon
  8203 | D:10     | Noticed a two-headed ogre
  8210 | D:10     | 8210 ||| INVOKING Fiery Armour.
  8210 | D:10     | Slain by a two-headed ogre

Levels and vault maps discovered:
D:1:      reono_arrival_forest_river, layout_loops_ring,
          ebering_ecumenical_altar_ruins
D:2:      layout_loops_corners, grunt_decor_junction, minmay_goblin_outpost,
          uniq_jessica
D:3:      layout_loops_cross, kiku_gazebo_garden_becter,
          mainiacjoe_overflow_24_doors, moated_statue, dreamdust_wishing_well,
          minmay_misc_feat_x, nicolae_figureground_sparkle
D:4:      layout_loops_ring, okawaru_metal_pillars_1_2,
          mainiacjoe_overflow_paths, chequers_temple_overflow_minitemple,
          uniq_menkaure, uniq_crazy_yiuf_cottage
D:5:      layout_basic, lemuel_crystal_altar,
          mainiacjoe_overflow_surrounded_room, hellmonk_ghost_happy_afterlife
D:6:      layout_loops_cross, mainiacjoe_overflow_chevrons,
          minmay_temple_entry_tees
D:7:      layout_cave_pods, ashenzari_conservatory_becter
D:8:      layout_basic
D:9:      layout_loops_corners
D:10:     layout_basic, orc_0_dummy, chequers_hall_statues_y, uniq_urug,
          uniq_maggie

Skill      XL: |  1  2  3  4  5  6  7  8  9 |
---------------+----------------------------+-----
Unarmed Combat | 4 5 6 8 9 11 12 | 12.5
Fighting       | 3 4 5 |  5.0
Throwing       | 1 2 |  2.0
Dodging        | 1 |  1.1
Spellcasting   | |  1.0
Fire Magic     | |  2.1

Action                   |  1- 3 |  4- 6 |  7- 9 || total
-------------------------+-------+-------+-------++-------
Melee: Unarmed           |    96 |    77 |   224 ||   397
       Punch             |     3 |       |    10 ||    13
Throw: Boomerang         |       |    31 |    18 ||    49
Invok: Fiery Armour      |       |     1 |     3 ||     4
  Use: Scroll            |     4 |     1 |    10 ||    15
       Potion            |       |     1 |     5 ||     6
Armor: Robe              |    28 |    26 |    85 ||   139
Dodge: Dodged            |    34 |    33 |    80 ||   147
Block: Other             |       |       |    16 ||    16

Table legend:
 A = Non-vault XP
 B = Vault XP
 C = Vault XP percentage of total XP
 D = Non-vault monster count
 E = Vault monster count
 F = Vault count percentage of total count
                 A         B        C        D         E       F
            +---------+---------+-------+---------+---------+-------
      Total |    4442 |     218 |   4.7 |     149 |       5 |   3.2
            +---------+---------+-------+---------+---------+-------
        D:1 |      47 |       0 |   0.0 |      27 |       0 |   0.0
        D:2 |      32 |      43 |  57.3 |      11 |       4 |  26.7
        D:3 |      69 |       0 |   0.0 |      23 |       0 |   0.0
        D:4 |     410 |     175 |  29.9 |      12 |       1 |   7.7
        D:5 |     888 |       0 |   0.0 |      17 |       0 |   0.0
        D:6 |     616 |       0 |   0.0 |      11 |       0 |   0.0
        D:7 |     593 |       0 |   0.0 |      17 |       0 |   0.0
        D:8 |     692 |       0 |   0.0 |      16 |       0 |   0.0
        D:9 |    1095 |       0 |   0.0 |      15 |       0 |   0.0
            +---------+---------+-------+---------+---------+-------
